[ AOE2 MATCH · #481416221 ]
Team RMTatars vs Franks
[ REPLAY ANALYSIS · EXTRACTED FROM THE RECORDED GAME ]
Feudal
—
Castle
—
Imperial
—
| APM avg | 12.3 |
| APM peak | 25 |
| eAPM avg | 9.3 |
| Villagers / military | 112 / 45 |
Focus
⚔️ 29.7% · 🌾 70.3%
Spearman ×34 · Fishing Ship ×12 · Skirmisher ×7 · Unknown (2626) ×6 · Cavalry Archer ×3 · Transport Ship ×1
Feudal
14:58
Castle
22:47
Imperial
47:50
| APM avg | 18.5 |
| APM peak | 38 |
| eAPM avg | 12.6 |
| Villagers / military | 124 / 97 |
Focus
⚔️ 29.7% · 🌾 70.3%
Knight ×63 · Battering Ram ×14 · Skirmisher ×14 · Fishing Ship ×6 · Throwing Axeman ×3 · Fire Galley ×2
Feudal
12:38
Castle
30:18
Imperial
—
| APM avg | 8.5 |
| APM peak | 22 |
| eAPM avg | 6.8 |
| Villagers / military | 75 / 59 |
Focus
⚔️ 32.6% · 🌾 67.4%
Tarkan ×34 · Militia ×10 · Knight ×7 · Cavalry Archer ×6 · Trade Cart ×3 · Monk ×2
Feudal
18:15
Castle
27:36
Imperial
39:16
| APM avg | 10.4 |
| APM peak | 28 |
| eAPM avg | 8.0 |
| Villagers / military | 86 / 81 |
Focus
⚔️ 33.8% · 🌾 66.2%
Longbowman ×39 · Scout Cavalry ×18 · Fishing Ship ×14 · Trebuchet (Packed) ×11 · Trade Cog ×5 · Galley ×4
Match map
Resources at game start + every placement click. Thick line = wall · dashed box = detected house wall. 🟡 gold · ⚪ stone · 🟢 berries · 🔶 boar · ⭕ relic
Inputs per minute
— frizboum - - mje
Build order — frizboum
First 150 of 279 actions detected
| 0:26 | Build | House |
| 0:27 | Build | House |
| 1:52 | Build | Town Center |
| 2:17 | Build | Dock |
| 4:09 | Create | Villager (Male) |
| 4:09 | Create | Villager (Male) |
| 4:09 | Create | Villager (Male) |
| 4:10 | Create | Villager (Male) |
| 4:10 | Create | Villager (Male) |
| 4:33 | Research | Loom |
| 4:53 | Create | Villager (Male) |
| 5:11 | Create | Villager (Male) |
| 5:13 | Research | Loom |
| 6:20 | Create | Villager (Male) |
| 6:34 | Create | Villager (Male) |
| 7:20 | Create | Villager (Male) |
| 7:20 | Create | Villager (Male) |
| 7:27 | Create | Fishing Ship |
| 7:27 | Create | Fishing Ship |
| 8:05 | Create | Villager (Male) |
| 8:10 | Create | Fishing Ship |
| 8:31 | Build | House |
| 8:32 | Build | House |
| 8:36 | Build | House |
| 8:43 | Create | Villager (Male) |
| 8:43 | Create | Villager (Male) |
| 9:31 | Build | House |
| 9:32 | Build | House |
| 9:38 | Create | Villager (Male) |
| 9:55 | Build | House |
| 10:19 | Create | Villager (Male) |
| 10:19 | Create | Villager (Male) |
| 10:28 | Create | Villager (Male) |
| 10:34 | Create | Fishing Ship |
| 10:34 | Create | Fishing Ship |
| 10:59 | Create | Villager (Male) |
| 11:12 | Create | Villager (Male) |
| 11:28 | Build | Lumber Camp |
| 11:33 | Create | Villager (Male) |
| 11:33 | Create | Villager (Male) |
| 12:29 | Create | Villager (Male) |
| 13:27 | Build | Mining Camp |
| 13:32 | Research | Feudal Age |
| 13:57 | Build | Dock |
| 14:40 | Build | Mill |
| 14:47 | Create | Villager (Male) |
| 14:51 | Create | Fishing Ship |
| 14:51 | Create | Fishing Ship |
| 15:32 | Build | Mining Camp |
| 16:03 | Build | House |
| 16:08 | Build | House |
| 16:16 | Create | Villager (Male) |
| 16:17 | Create | Villager (Male) |
| 16:17 | Create | Villager (Male) |
| 16:18 | Create | Villager (Male) |
| 16:25 | Build | Watch Tower |
| 16:38 | Create | Villager (Male) |
| 17:04 | Research | Double-Bit Axe |
| 17:12 | Create | Villager (Male) |
| 17:30 | Create | Villager (Male) |
| 17:46 | Create | Villager (Male) |
| 18:00 | Build | Blacksmith |
| 18:26 | Create | Villager (Male) |
| 19:12 | Build | Market |
| 19:15 | Create | Villager (Male) |
| 19:42 | Build | Stone Wall |
| 19:47 | Build | Building 490 |
| 20:15 | Research | Castle Age |
| 20:17 | Research | Wheelbarrow |
| 20:21 | Research | Gold Mining |
| 20:59 | Build | Watch Tower |
| 21:03 | Create | Villager (Male) |
| 21:10 | Build | Barracks |
| 21:32 | Research | Horse Collar |
| 21:46 | Research | Stone Mining |
| 21:59 | Create | Villager (Male) |
| 22:00 | Create | Villager (Male) |
| 22:14 | Create | Spearman |
| 22:38 | Build | Stone Wall |
| 22:43 | Build | Building 490 |
| 22:47 | Create | Spearman |
| 22:48 | Create | Spearman |
| 22:58 | Create | Unit 2626 |
| 22:59 | Create | Unit 2626 |
| 22:59 | Create | Unit 2626 |
| 22:59 | Create | Unit 2626 |
| 23:19 | Research | Pikeman (upgrade) |
| 24:29 | Create | Unit 2626 |
| 24:29 | Create | Unit 2626 |
| 24:30 | Research | Tech 906 |
| 24:54 | Build | Stone Wall |
| 24:58 | Build | Building 490 |
| 25:07 | Build | Stone Wall |
| 25:13 | Build | Building 673 |
| 25:19 | Create | Villager (Male) |
| 25:19 | Create | Villager (Male) |
| 25:20 | Create | Villager (Male) |
| 25:20 | Create | Villager (Male) |
| 25:20 | Create | Villager (Male) |
| 25:40 | Create | Spearman |
| 26:07 | Build | Mining Camp |
| 26:11 | Create | Villager (Male) |
| 26:11 | Create | Villager (Male) |
| 26:58 | Build | House |
| 26:59 | Build | House |
| 27:01 | Build | House |
| 27:46 | Build | House |
| 27:48 | Build | House |
| 27:50 | Build | House |
| 28:12 | Create | Spearman |
| 28:12 | Create | Spearman |
| 28:12 | Create | Spearman |
| 28:15 | Research | Forging |
| 28:16 | Research | Scale Mail Armor |
| 28:24 | Build | Watch Tower |
| 29:09 | Research | Gillnets |
| 29:31 | Create | Villager (Male) |
| 29:31 | Create | Villager (Male) |
| 29:54 | Build | House |
| 30:48 | Build | Castle |
| 30:55 | Build | House |
| 31:02 | Build | House |
| 31:05 | Build | House |
| 32:23 | Build | House |
| 32:57 | Build | Mill |
| 33:27 | Create | Villager (Male) |
| 33:28 | Create | Villager (Male) |
| 33:52 | Build | Town Center |
| 34:15 | Create | Fishing Ship |
| 34:15 | Create | Fishing Ship |
| 34:15 | Create | Fishing Ship |
| 34:15 | Create | Fishing Ship |
| 34:16 | Create | Fishing Ship |
| 35:09 | Create | Villager (Male) |
| 35:09 | Create | Villager (Male) |
| 35:24 | Build | Farm |
| 35:25 | Build | Farm |
| 35:48 | Create | Spearman |
| 35:48 | Create | Spearman |
| 36:35 | Create | Spearman |
| 36:35 | Create | Spearman |
| 36:36 | Create | Spearman |
| 36:36 | Create | Spearman |
| 36:56 | Create | Spearman |
| 36:57 | Create | Spearman |
| 37:11 | Create | Villager (Male) |
| 37:13 | Create | Villager (Male) |
| 37:20 | Create | Spearman |
| 37:58 | Create | Villager (Male) |
| 38:02 | Research | Fletching |
Build order — mje
First 150 of 357 actions detected
| 0:33 | Build | Town Center |
| 2:35 | Create | Villager (Male) ×4 |
| 2:39 | Build | House |
| 3:56 | Create | Villager (Male) |
| 5:04 | Create | Villager (Male) |
| 5:05 | Create | Villager (Male) |
| 5:31 | Build | Palisade Wall |
| 5:33 | Build | Palisade Wall |
| 5:38 | Build | Palisade Wall |
| 5:41 | Build | Palisade Wall |
| 5:46 | Create | Villager (Male) |
| 5:58 | Build | House |
| 6:03 | Research | Loom |
| 6:03 | Create | Villager (Male) |
| 6:49 | Create | Villager (Male) |
| 7:02 | Build | Dock |
| 7:07 | Create | Villager (Male) |
| 7:25 | Create | Villager (Male) |
| 7:48 | Build | House |
| 8:08 | Create | Villager (Male) |
| 8:08 | Create | Villager (Male) |
| 8:22 | Create | Fishing Ship |
| 8:59 | Build | Palisade Wall |
| 9:01 | Build | Palisade Wall |
| 9:12 | Create | Villager (Male) |
| 9:12 | Create | Villager (Male) |
| 9:23 | Create | Villager (Male) |
| 9:27 | Build | Mining Camp |
| 9:30 | Create | Villager (Male) |
| 9:36 | Create | Fishing Ship |
| 10:05 | Build | House |
| 10:31 | Build | Mill |
| 10:43 | Create | Villager (Male) |
| 11:09 | Create | Fishing Ship |
| 11:31 | Create | Fishing Ship |
| 11:56 | Build | House |
| 12:17 | Create | Villager (Male) |
| 12:24 | Build | Farm |
| 12:31 | Build | Farm |
| 12:42 | Create | Villager (Male) |
| 12:48 | Research | Feudal Age |
| 13:07 | Create | Fishing Ship |
| 13:26 | Create | Fishing Ship |
| 14:09 | Build | Dock |
| 14:50 | Create | Villager (Male) |
| 14:58 | Age | Feudal Age |
| 15:02 | Build | Watch Tower |
| 15:17 | Build | Barracks |
| 15:21 | Create | Villager (Male) |
| 16:14 | Create | Villager (Male) |
| 16:33 | Build | Watch Tower |
| 16:36 | Create | Villager (Male) |
| 17:00 | Research | Wheelbarrow |
| 17:04 | Build | House |
| 18:04 | Build | Blacksmith |
| 18:09 | Create | Villager (Male) |
| 18:13 | Create | Villager (Male) |
| 18:26 | Create | Spearman |
| 18:31 | Build | Palisade Wall |
| 19:18 | Build | Market |
| 19:23 | Build | Palisade Wall |
| 19:28 | Create | Villager (Male) |
| 19:51 | Create | Villager (Male) |
| 20:07 | Research | Castle Age |
| 20:08 | Research | Castle Age |
| 20:16 | Build | House |
| 20:31 | Research | Scale Barding Armor |
| 20:47 | Build | Stable |
| 21:00 | Build | House |
| 21:33 | Create | Fire Galley |
| 21:37 | Create | Fire Galley |
| 21:53 | Build | Stable |
| 22:47 | Age | Castle Age |
| 22:53 | Build | Siege Workshop |
| 22:59 | Create | Villager (Male) |
| 23:11 | Build | Town Center |
| 23:17 | Create | Villager (Male) |
| 23:19 | Create | Knight |
| 23:21 | Create | Knight |
| 23:25 | Build | Farm |
| 23:54 | Create | Villager (Male) |
| 23:55 | Create | Villager (Male) |
| 24:00 | Create | Knight |
| 24:03 | Create | Knight |
| 24:49 | Create | Villager (Male) |
| 24:49 | Create | Villager (Male) |
| 24:53 | Create | Knight |
| 24:57 | Build | House |
| 25:01 | Create | Villager (Male) |
| 25:01 | Create | Villager (Male) |
| 25:03 | Build | Farm |
| 25:03 | Build | Farm |
| 25:04 | Build | Farm |
| 25:08 | Build | Farm |
| 25:09 | Build | Farm |
| 25:18 | Create | Villager (Male) |
| 25:18 | Create | Villager (Male) |
| 26:03 | Create | Villager (Male) |
| 26:04 | Create | Villager (Male) |
| 26:04 | Create | Villager (Male) |
| 26:04 | Create | Villager (Male) |
| 26:15 | Create | Battering Ram |
| 26:15 | Create | Battering Ram |
| 26:24 | Create | Villager (Male) |
| 26:25 | Create | Villager (Male) |
| 26:25 | Create | Villager (Male) |
| 26:38 | Build | Castle |
| 26:47 | Build | House |
| 26:53 | Build | House |
| 26:54 | Build | House |
| 27:22 | Create | Villager (Male) |
| 27:23 | Create | Villager (Male) |
| 27:26 | Create | Villager (Male) |
| 27:28 | Build | Farm |
| 27:29 | Build | Farm |
| 27:31 | Build | Farm |
| 27:31 | Build | Farm |
| 27:32 | Build | Farm |
| 27:34 | Build | Farm |
| 27:53 | Create | Villager (Male) |
| 27:56 | Create | Villager (Male) |
| 27:59 | Create | Knight |
| 27:59 | Create | Knight |
| 28:10 | Build | Mining Camp |
| 28:12 | Create | Villager (Male) |
| 28:13 | Create | Villager (Male) |
| 29:01 | Build | Farm |
| 29:03 | Build | Farm |
| 29:04 | Build | Farm |
| 29:23 | Create | Villager (Male) |
| 29:23 | Create | Villager (Male) |
| 29:43 | Build | Archery Range |
| 29:44 | Build | Archery Range |
| 30:07 | Create | Villager (Male) |
| 30:07 | Create | Villager (Male) |
| 30:08 | Create | Villager (Male) |
| 30:41 | Build | Farm |
| 30:53 | Build | Farm |
| 30:57 | Create | Battering Ram |
| 31:03 | Create | Throwing Axeman |
| 31:04 | Create | Throwing Axeman |
| 31:04 | Create | Throwing Axeman |
| 31:19 | Create | Knight ×5 |
| 31:30 | Create | Battering Ram |
| 31:34 | Build | Siege Workshop |
| 31:57 | Create | Villager (Male) |
| 31:57 | Create | Villager (Male) |
| 31:58 | Create | Villager (Male) |
| 31:58 | Create | Villager (Male) |
| 32:11 | Create | Villager (Male) |
Build order — White Guy
First 150 of 216 actions detected
| 0:28 | Build | Town Center |
| 2:54 | Create | Villager (Male) |
| 2:54 | Create | Villager (Male) |
| 2:55 | Create | Villager (Male) |
| 2:55 | Create | Villager (Male) |
| 3:59 | Create | Villager (Male) |
| 4:30 | Create | Villager (Male) |
| 5:19 | Create | Villager (Male) |
| 5:20 | Create | Villager (Male) |
| 5:46 | Create | Villager (Male) |
| 5:59 | Create | Villager (Male) |
| 6:42 | Create | Villager (Male) |
| 6:42 | Create | Villager (Male) |
| 7:37 | Create | Villager (Male) |
| 9:03 | Build | Mill |
| 9:45 | Build | Lumber Camp |
| 10:28 | Research | Feudal Age |
| 11:25 | Build | Mining Camp |
| 12:38 | Age | Feudal Age |
| 12:43 | Research | Wheelbarrow |
| 12:44 | Create | Villager (Male) |
| 12:44 | Create | Villager (Male) |
| 13:33 | Research | Double-Bit Axe |
| 14:04 | Research | Horse Collar |
| 14:18 | Create | Villager (Male) |
| 14:39 | Create | Villager (Male) |
| 14:41 | Create | Villager (Male) |
| 15:10 | Create | Villager (Male) |
| 15:18 | Create | Villager (Male) |
| 15:32 | Build | Barracks |
| 15:40 | Build | Blacksmith |
| 16:10 | Research | Gold Mining |
| 16:18 | Create | Villager (Male) |
| 17:31 | Build | Market |
| 17:37 | Create | Villager (Male) |
| 17:37 | Create | Villager (Male) |
| 17:37 | Create | Villager (Male) |
| 17:51 | Build | Farm |
| 17:52 | Build | Farm |
| 18:03 | Create | Villager (Male) |
| 18:09 | Build | Farm |
| 18:14 | Build | Farm |
| 18:24 | Build | Farm |
| 18:33 | Build | Farm |
| 18:53 | Build | Archery Range |
| 18:56 | Build | Archery Range |
| 19:08 | Build | Farm |
| 19:13 | Build | Farm |
| 19:18 | Build | Farm |
| 19:34 | Create | Villager (Male) |
| 19:34 | Create | Villager (Male) |
| 19:56 | Build | Archery Range |
| 20:29 | Build | Stable |
| 20:31 | Build | Stable |
| 20:46 | Build | Stable |
| 21:11 | Create | Trade Cart |
| 21:22 | Build | Mining Camp |
| 21:30 | Research | Bloodlines |
| 21:38 | Research | Scale Barding Armor |
| 21:40 | Research | Fletching |
| 22:05 | Build | Farm |
| 22:14 | Build | Farm |
| 22:21 | Create | Trade Cart |
| 22:52 | Build | Farm |
| 22:53 | Build | Farm |
| 23:00 | Create | Villager (Male) |
| 23:00 | Create | Villager (Male) |
| 23:00 | Create | Villager (Male) |
| 23:02 | Create | Villager (Male) |
| 23:03 | Create | Villager (Male) |
| 23:44 | Create | Militia |
| 23:45 | Create | Militia |
| 23:46 | Create | Militia |
| 23:47 | Create | Militia |
| 24:19 | Research | Man-at-Arms (upgrade) |
| 24:35 | Build | Farm |
| 25:18 | Build | Farm |
| 25:24 | Create | Militia |
| 25:25 | Create | Militia |
| 25:27 | Create | Militia |
| 25:27 | Create | Militia |
| 25:33 | Research | Stone Mining |
| 25:43 | Build | Farm |
| 25:55 | Research | Forging |
| 26:00 | Create | Militia |
| 26:27 | Build | Farm |
| 26:40 | Build | Lumber Camp |
| 27:05 | Create | Militia |
| 27:38 | Research | Castle Age |
| 30:18 | Age | Castle Age |
| 31:01 | Build | Castle |
| 31:30 | Create | Cavalry Archer |
| 31:30 | Create | Cavalry Archer |
| 31:30 | Create | Cavalry Archer |
| 32:06 | Research | Hand Cart |
| 32:07 | Create | Villager (Male) |
| 32:07 | Create | Villager (Male) |
| 32:07 | Create | Villager (Male) |
| 32:08 | Create | Villager (Male) |
| 32:08 | Create | Villager (Male) |
| 32:08 | Create | Villager (Male) |
| 32:08 | Create | Villager (Male) |
| 32:09 | Create | Villager (Male) |
| 32:09 | Create | Villager (Male) |
| 32:11 | Create | Villager (Male) |
| 32:24 | Research | Bow Saw |
| 32:47 | Research | Heavy Plow |
| 32:53 | Research | Husbandry |
| 32:54 | Create | Knight |
| 32:55 | Create | Knight |
| 32:55 | Create | Knight |
| 33:34 | Create | Trade Cart |
| 33:50 | Build | Stone Wall |
| 34:24 | Research | Chain Barding Armor |
| 34:43 | Build | Stone Wall |
| 35:22 | Build | Monastery |
| 35:53 | Build | Building 487 |
| 36:20 | Create | Monk |
| 36:32 | Build | Stone Wall |
| 37:26 | Create | Monk |
| 37:47 | Build | Palisade Wall |
| 38:16 | Build | Mining Camp |
| 38:32 | Build | Stone Wall |
| 39:49 | Create | Tarkan |
| 39:50 | Create | Tarkan |
| 39:50 | Create | Tarkan |
| 40:19 | Build | Stone Wall |
| 41:01 | Build | Lumber Camp |
| 41:20 | Build | Lumber Camp |
| 41:30 | Build | Farm |
| 41:56 | Build | Castle |
| 42:38 | Create | Villager (Male) |
| 42:39 | Create | Villager (Male) |
| 42:39 | Create | Villager (Male) |
| 42:39 | Create | Villager (Male) |
| 42:39 | Create | Villager (Male) |
| 42:39 | Create | Villager (Male) |
| 42:40 | Create | Villager (Male) |
| 42:40 | Create | Villager (Male) |
| 42:40 | Create | Villager (Male) |
| 42:40 | Create | Villager (Male) |
| 42:41 | Create | Villager (Male) |
| 42:41 | Create | Villager (Male) |
| 42:41 | Create | Villager (Male) |
| 42:41 | Create | Villager (Male) |
| 42:42 | Create | Villager (Male) |
| 44:10 | Create | Tarkan |
| 44:10 | Create | Tarkan |
| 44:11 | Create | Tarkan |
| 44:11 | Create | Tarkan |
Build order — belarusaczka
First 150 of 293 actions detected
| 0:57 | Build | Town Center |
| 1:29 | Build | House |
| 1:34 | Build | House |
| 1:40 | Build | House |
| 1:50 | Build | House |
| 3:06 | Create | Villager (Male) |
| 3:06 | Create | Villager (Male) |
| 3:10 | Research | Loom |
| 3:11 | Create | Villager (Male) |
| 3:19 | Create | Villager (Male) |
| 3:31 | Create | Villager (Male) |
| 3:34 | Research | Loom |
| 4:52 | Create | Villager (Male) |
| 5:59 | Build | Mill |
| 6:15 | Create | Villager (Male) |
| 6:28 | Create | Villager (Male) |
| 6:29 | Create | Villager (Male) |
| 7:27 | Create | Villager (Male) |
| 7:29 | Create | Villager (Male) |
| 8:07 | Create | Villager (Male) |
| 8:45 | Create | Villager (Male) |
| 9:22 | Build | Dock |
| 9:30 | Build | House |
| 10:02 | Create | Villager (Male) |
| 10:03 | Create | Villager (Male) |
| 10:19 | Create | Fishing Ship |
| 10:20 | Create | Fishing Ship |
| 10:30 | Build | House |
| 10:35 | Build | House |
| 11:14 | Create | Villager (Male) |
| 11:14 | Create | Villager (Male) |
| 11:23 | Create | Fishing Ship |
| 12:05 | Create | Fishing Ship |
| 12:19 | Build | Barracks |
| 12:22 | Create | Villager (Male) |
| 12:23 | Create | Villager (Male) |
| 13:00 | Create | Villager (Male) |
| 13:01 | Create | Villager (Male) |
| 13:38 | Create | Fishing Ship |
| 13:44 | Create | Fishing Ship |
| 13:53 | Build | Mining Camp |
| 13:57 | Create | Villager (Male) |
| 13:58 | Create | Villager (Male) |
| 14:08 | Build | House |
| 14:12 | Build | House |
| 14:15 | Build | House |
| 14:44 | Create | Fishing Ship |
| 14:57 | Create | Villager (Male) |
| 14:57 | Create | Villager (Male) |
| 15:30 | Build | Mining Camp |
| 15:37 | Build | House |
| 15:40 | Build | House |
| 15:44 | Build | House |
| 15:48 | Build | House |
| 15:54 | Create | Fishing Ship |
| 15:54 | Create | Fishing Ship |
| 16:05 | Research | Feudal Age |
| 16:29 | Build | Mill |
| 16:38 | Create | Villager (Male) |
| 16:39 | Create | Villager (Male) |
| 17:26 | Create | Militia |
| 17:26 | Create | Militia |
| 17:42 | Create | Militia |
| 18:00 | Build | House |
| 18:03 | Build | House |
| 18:07 | Build | House |
| 18:13 | Build | House |
| 18:15 | Age | Feudal Age |
| 18:20 | Research | Wheelbarrow |
| 18:36 | Create | Spearman |
| 18:43 | Research | Man-at-Arms (upgrade) |
| 19:00 | Research | Arson |
| 19:36 | Build | Mill |
| 20:21 | Build | Stable |
| 20:32 | Build | Fish Trap |
| 20:38 | Build | Fish Trap |
| 21:13 | Build | Dock |
| 21:40 | Build | Lumber Camp |
| 21:47 | Research | Horse Collar |
| 22:12 | Build | Fish Trap |
| 22:19 | Build | Fish Trap |
| 22:51 | Create | Villager (Male) |
| 22:51 | Create | Villager (Male) |
| 22:52 | Create | Villager (Male) |
| 22:52 | Create | Villager (Male) |
| 23:05 | Build | Stable |
| 23:26 | Create | Villager (Male) |
| 23:38 | Build | Blacksmith |
| 24:13 | Create | Fishing Ship |
| 24:41 | Create | Scout Cavalry |
| 24:41 | Create | Scout Cavalry |
| 24:41 | Create | Scout Cavalry |
| 24:42 | Create | Scout Cavalry |
| 24:44 | Create | Scout Cavalry |
| 24:57 | Research | Castle Age |
| 25:08 | Build | House |
| 25:13 | Build | House |
| 25:18 | Build | House |
| 25:22 | Build | House |
| 25:48 | Build | Dock |
| 25:54 | Build | House |
| 25:58 | Build | House |
| 26:07 | Research | Fletching |
| 26:08 | Research | Scale Mail Armor |
| 26:09 | Research | Scale Barding Armor |
| 27:35 | Research | Stone Mining |
| 27:36 | Research | Gold Mining |
| 27:36 | Age | Castle Age |
| 27:40 | Research | Bodkin Arrow |
| 27:52 | Build | University |
| 27:58 | Build | Monastery |
| 28:04 | Create | Fishing Ship |
| 28:04 | Create | Fishing Ship |
| 29:16 | Build | Town Center |
| 29:39 | Build | House |
| 29:43 | Build | House |
| 29:50 | Create | Monk |
| 29:56 | Research | Murder Holes |
| 30:23 | Build | Castle |
| 30:28 | Create | Galley |
| 30:28 | Create | Galley |
| 30:28 | Create | Galley |
| 31:39 | Create | Villager (Male) |
| 31:39 | Create | Villager (Male) |
| 31:39 | Create | Villager (Male) |
| 31:40 | Create | Villager (Male) |
| 32:05 | Research | Husbandry |
| 32:06 | Research | Light Cavalry (upgrade) |
| 32:11 | Research | Chain Mail Armor |
| 32:13 | Research | Chain Barding Armor |
| 32:43 | Research | Ballistics |
| 33:17 | Create | Villager (Male) |
| 33:17 | Create | Villager (Male) |
| 33:17 | Create | Villager (Male) |
| 33:32 | Create | Villager (Male) |
| 33:32 | Create | Villager (Male) |
| 33:32 | Create | Villager (Male) |
| 33:45 | Build | Mill |
| 34:27 | Research | Tech 906 |
| 34:29 | Create | Fishing Ship |
| 34:29 | Create | Fishing Ship |
| 34:36 | Build | Fish Trap |
| 34:44 | Build | Fish Trap |
| 34:55 | Build | Mining Camp |
| 35:03 | Create | Trade Cog |
| 35:04 | Create | Trade Cog |
| 35:04 | Create | Trade Cog |
| 35:05 | Create | Trade Cog |
| 35:19 | Create | Galley |
| 35:30 | Create | Trade Cog |
Match timeline
| 2:17 | frizboum · first_building Dock |
| 5:31 | mje · wall_segment Palisade Wall x1 |
| 5:33 | mje · wall_segment Palisade Wall x1 |
| 5:38 | mje · wall_segment Palisade Wall x1 |
| 5:41 | mje · wall_segment Palisade Wall x1 |
| 7:02 | mje · first_building Dock |
| 8:59 | mje · wall_segment Palisade Wall x1 |
| 9:01 | mje · wall_segment Palisade Wall x1 |
| 9:22 | belarusaczka · first_building Dock |
| 12:19 | belarusaczka · first_building Barracks |
| 12:38 | White Guy · age_up feudal |
| 14:58 | mje · age_up feudal |
| 15:17 | mje · first_building Barracks |
| 15:32 | White Guy · first_building Barracks |
| 18:15 | belarusaczka · age_up feudal |
| 18:31 | mje · wall_segment Palisade Wall x1 |
| 18:53 | White Guy · first_building Archery Range |
| 19:23 | mje · wall_segment Palisade Wall x1 |
| 19:42 | frizboum · wall_segment Stone Wall x7 |
| 20:21 | belarusaczka · first_building Stable |
| 20:29 | White Guy · first_building Stable |
| 20:47 | mje · first_building Stable |
| 21:10 | frizboum · first_building Barracks |
| 22:38 | frizboum · wall_segment Stone Wall x11 |
| 22:47 | mje · age_up castle |
| 22:53 | mje · first_building Siege Workshop |
| 24:54 | frizboum · wall_segment Stone Wall x9 |
| 25:07 | frizboum · wall_segment Stone Wall x12 |
| 26:38 | mje · first_building Castle |
| 27:27 | White Guy · first_market_sell 100 stone |
| 27:29 | White Guy · first_market_buy 100 food |
| 27:36 | belarusaczka · age_up castle |
| 27:58 | belarusaczka · first_building Monastery |
| 29:43 | mje · first_building Archery Range |
| 30:18 | White Guy · age_up castle |
| 30:23 | belarusaczka · first_building Castle |
| 30:48 | frizboum · first_building Castle |
| 31:01 | White Guy · first_building Castle |
| 33:50 | White Guy · wall_segment Stone Wall x9 |
| 34:43 | White Guy · wall_segment Stone Wall x9 |
| 35:22 | White Guy · first_building Monastery |
| 36:32 | White Guy · wall_segment Stone Wall x10 |
| 37:47 | White Guy · wall_segment Palisade Wall x8 |
| 38:32 | White Guy · wall_segment Stone Wall x14 |
| 39:16 | belarusaczka · age_up imperial |
| 40:11 | mje · first_market_sell 100 wood |
| 40:13 | mje · first_market_buy 100 food |
| 40:19 | White Guy · wall_segment Stone Wall x6 |
| 41:50 | frizboum · first_building Archery Range |
| 45:13 | frizboum · first_market_buy 100 stone |
| 47:50 | mje · age_up imperial |
| 48:00 | White Guy · wall_segment Stone Wall x7 |
| 53:20 | White Guy · first_building Dock |
| 54:53 | frizboum · first_market_sell 100 wood |
| 55:47 | frizboum · resign |
[ AI ANALYSIS · 1 CREDIT ]
What really happened in this match?
Wolo.gg analyzes every decision: build order, eco, micro, common mistakes by bracket. Personalized analysis on WhatsApp or Discord in 30 seconds.
Civ guide
Tatars
Map guide
Nomad
Perfil
Jugador #760708